 Dungeon Crawl Stone Soup version 0.32-a0-607-g64ea0e4219 (webtiles) character file.

Game seed: 13025526371907377762

322 Essalna the Firebug (level 6, 0/48 HPs)
             Began as a Gargoyle Fire Elementalist on Mar 4, 2024.
             Slain by Pikel
             ... wielding a +2 whip of flaming
              (11 damage)
             ... on level 4 of the Dungeon.
             The game lasted 00:04:15 (3308 turns).

Essalna the Firebug (Gargoyle Fire Elementalist)    Turns: 3308, Time: 00:04:16

Health: 0/48       AC: 23    Str: 12    XL:     6   Next: 47%
Magic:  11/11      EV:  2    Int: 15    God:
Gold:   168        SH:  0    Dex: 12    Spells: 5/12 levels left

rFire   . . .        j - +0 dagger (venom)
rCold   . . .        (no shield)
rNeg    + . .        a - melded +0 robe
rPois   ∞            (helmet currently unavailable)
rElec   .            (cloak currently unavailable)
rCorr   .            (gloves currently unavailable)
SInv    .            p - melded +0 pair of boots
Will    +....        (no amulet)
Stlth   +++          (no ring)
HPRegen 0.28/turn    (no ring)
MPRegen 0.12/turn

%: no passive effects
@: tree-form, enlightened
A: stationary, stasis, torment immunity, boosted hp, sickness immunity, AC +4,
negative energy resistance 1, (electricity resistance), torment resistance 1,
petrification resistance, thin skeletal structure 1, dopey 1, (shaggy fur 1)
a: no special abilities


You were on level 4 of the Dungeon.
You were a tree.
You visited 1 branch of the dungeon, and saw 4 of its levels.

You collected 168 gold pieces.

Inventory:

Hand Weapons
 g - a +0 dagger
 j - a +0 dagger of venom (weapon)
Armour
 a - a +0 robe (melded)
 p - a +0 pair of boots (melded)
Jewellery
 t - an amulet of guardian spirit
Scrolls
 d - 3 scrolls of enchant weapon {unknown}
 e - 2 scrolls of identify {unknown}
 h - 2 scrolls of fear {unknown}
 k - 2 scrolls of blinking {unknown}
 m - a scroll of amnesia {unknown}
 n - a scroll of teleportation {unknown}
 q - 3 scrolls of immolation {unknown}
 r - a scroll of enchant armour {unknown}
Potions
 b - a potion of magic
 f - a potion of curing
 i - a potion of enlightenment
 o - a potion of cancellation {unknown}
 s - a potion of might {unknown}
 u - a potion of degeneration {unknown}


   Skills:
 + Level 0.2 Fighting
 - Level 1.5 Dodging
 - Level 2.1 Stealth
 + Level 3.9 Spellcasting
 + Level 3.9 Conjurations
 + Level 4.6 Fire Magic


You had 5 spell levels left.
You knew the following spells:

 Your Spells              Type           Power      Damage    Failure   Level
a - Foxfire               Conj/Fire      60%        2x1d7     3%          1
b - Scorch                Fire           32%        2d6       4%          2
c - Flame Wave            Conj/Fire      15%        2d7       30%         4

Your spell library contained the following spells:

 Spells                   Type           Power      Damage    Failure   Level
 Inner Flame              Hex/Fire       9%         N/A       22%         3
 Volatile Blastmotes      Fire/Tloc      18%        2d11      22%         3


Dungeon Overview and Level Annotations

Branches:
Dungeon (4/15)
 Temple: D:4-7

Altars:

Shops:
D:3 =

Annotations:
D:4 Pikel


Innate Abilities, Weirdness & Mutations

You are a tree.
Your roots penetrate the ground, keeping you stationary.
You cannot be teleported.
You are immune to unholy pain and torment.
Your maximum health is greatly increased.
Your equipment is partially melded.
You are immune to sickness and miasma.
((Your stone body is resilient. (AC +4)))
You are immune to poison.
You resist negative energy. (rN+)
((You are resistant to electric shocks. (rElec)))
You are resistant to unholy torment.
You are immune to petrification.
You have a somewhat thin skeletal structure. (Dex +2, Stealth+)
You are dopey. (Int -2)
((You are covered in fur. (AC +1)))


Message History

You hit the lemure.
You kill the lemure!
That felt strangely unrewarding.
Pikel says, "You'll burn in Gehenna!"
You hit Pikel.
Pikel is poisoned.
Pikel is lightly wounded.
Pikel hits you with a +2 whip of flaming.
* * * LOW HITPOINT WARNING * * *
Pikel burns you.
* * * LOW HITPOINT WARNING * * *
You hit Pikel but do no damage.
Pikel looks even sicker.
Pikel is lightly wounded.
Pikel hits you but does no damage.
You hit Pikel but do no damage.
Pikel looks as sick as possible!
Pikel is lightly wounded.
Pikel hits you but does no damage.
You hit Pikel but do no damage.
Pikel looks as sick as possible!
Pikel is moderately wounded.
Pikel hits you with a +2 whip of flaming.
* * * LOW HITPOINT WARNING * * *
Pikel burns you.
* * * LOW HITPOINT WARNING * * *
You feel better. Pikel hits you but does no damage.
You hit Pikel but do no damage.
Pikel looks as sick as possible!
Pikel is moderately wounded.
Pikel hits you with a +2 whip of flaming.
* * * LOW HITPOINT WARNING * * *
Pikel burns you.
* * * LOW HITPOINT WARNING * * *
You closely miss Pikel.
Pikel is heavily wounded.
Pikel hits you but does no damage.
You hit Pikel but do no damage.
Pikel is heavily wounded.
Pikel hits you but does no damage.
You barely miss Pikel.
Pikel is heavily wounded.
Pikel hits you with a +2 whip of flaming!
You die...
Pikel says, "See you in Hell!"

............#####
..#####.###.##..
..#####.# #.##.#
# ........#
#.##.# .#
.########
#....###.# .#
####.....# .#
###.### .# #.# ##
#♣# # #K# # 5g# #
..5. ###### ##..#
...... #..#
###### #..# %.
...# ###


You could see Pikel (extremely poisoned), 2 lemures and a goblin.

Vanquished Creatures
  Grinder (D:3)
  2 lemures (D:4)
  4 adders
  4 dart slugs
  A ribbon worm (D:4)
  6 orcs (D:3)
  5 bats
  6 endoplasms
  A giant cockroach (D:1)
  4 goblins
  6 hobgoblins
  9 jackals (D:1)
  2 quokkas
  5 ball pythons
  3 frilled lizards
  7 kobolds
  6 rats
72 creatures vanquished.

Vanquished Creatures (others)
  204 foxfires
204 creatures vanquished.

Grand Total: 276 creatures vanquished

Notes
Turn   | Place    | Note
-------+----------+-------------------------------------------
     0 | D:1      | Essalna the Gargoyle Fire Elementalist began the quest for
                  | the Orb.
     0 | D:1      | Reached XP level 1. HP: 10/10 MP: 3/3
   144 | D:1      | Found a faded altar of an unknown god.
   188 | D:1      | Reached XP level 2. HP: 15/15 MP: 0/5
   519 | D:1      | Reached XP level 3. HP: 19/19 MP: 2/6
  1060 | D:2      | Learned a level 2 spell: Scorch
  1650 | D:2      | Reached XP level 4. HP: 20/24 MP: 8/8
  2227 | D:3      | Found Nuorinlua's Jewellery Emporium.
  2461 | D:3      | Noticed Grinder
  2464 | D:3      | Paralysed by Grinder for 4 turns
  2475 | D:3      | Killed Grinder
  2476 | D:3      | Reached skill level 4 in Fire Magic
  2476 | D:3      | Reached XP level 5. HP: 5/28 MP: 0/10
  2476 | D:3      | Reached XP level 6. HP: 6/32 MP: 0/11
  2630 | D:3      | Learned a level 4 spell: Flame Wave
  3272 | D:4      | Noticed Pikel
  3287 | D:4      | Gained mutation: You are dopey. (Int -2) [potion of
                  | mutation]
  3287 | D:4      | Gained mutation: You are covered in fur. (AC +1) [potion of
                  | mutation]
  3287 | D:4      | Gained mutation: You have a somewhat thin skeletal
                  | structure. (Dex +2, Stealth+) [potion of mutation]
  3308 | D:4      | Slain by Pikel

Illustrated notes

Levels and vault maps discovered:
D:1:      minmay_arrival_glassed_features, layout_rooms,
          hellmonk_ecumenical_altar_run_dry, kennysheep_doodads
D:2:      layout_basic, minmay_indecisive_spiral
D:3:      layout_loops_corners, serial_shops, shop, uniq_grinder
D:4:      layout_loops_ring, serial_shops, nicolae_shop_tiny_real_fake_doors,
          corexii_checkpoint, uniq_pikel, uniq_edmund

Skill      XL: |  1  2  3  4 |
---------------+-------------+-----
Conjurations   | 2 3 |  3.9
Spellcasting   | 3 |  3.9
Fire Magic     | 4 |  4.6
Fighting       | |  0.2
Dodging        | |  1.5
Stealth        | |  2.1

Action                     |  1- 3 |  4- 6 || total
---------------------------+-------+-------++-------
  Melee: Dagger            |    45 |    62 ||   107
   Cast: Foxfire           |    60 |    60 ||   120
         Scorch            |       |     1 ||     1
    Use: Potion            |       |     5 ||     5
   Stab: Sleeping          |       |     1 ||     1
 Armour: Robe              |    25 |    41 ||    66
         Skin              |       |    17 ||    17
  Dodge: Dodged            |    36 |    23 ||    59

Table legend: (Time is in decaauts)
 A = Elapsed time spent in this place.
 B = Non-inter-level travel time spent in this place.
 C = Inter-level travel time spent in this place.
 D = Time resting spent in this place.
 E = Time spent auto-exploring this place.
 F = Levels seen in this place.
 G = Mean time per level.
                   A        B        C        D        E       F      G
               +--------+--------+--------+--------+--------+-----+--------+
         Total |   3306 |   3228 |     78 |      0 |   2754 |   4 |  826.5 |
       Dungeon |   3306 |   3228 |     78 |      0 |   2754 |   4 |  826.5 |
               +--------+--------+--------+--------+--------+-----+--------+

Top non-repeatable levels by time:
     D:3: 1325 daAuts
     D:1: 968 daAuts
     D:2: 837 daAuts
     D:4: 174 daAuts
